 Dungeon Sprint DCSS version 0.24.0-1-gfbc8707 (webtiles) character file.

Game seed: 12296996559522761047, levelgen mode: deterministic

9431 Fang the Warrior (level 11, -5/81 HPs)
             Began as a Gargoyle Berserker on Nov 6, 2019.
             Was the Champion of Trog.
             Hit by a javelin thrown by a merfolk javelineer (19 damage)
             ... in the Dungeon (Sprint V: "Ziggurat Sprint") on Nov 7, 2019.
             The game lasted 00:03:58 (1165 turns).

Fang the Warrior (Gargoyle Berserker)               Turns: 1165, Time: 00:03:58

Health: -5/81      AC: 38    Str: 36    XL:     11   Next: 46%
Magic:  11/11      EV:  7    Int:  8    God:    Trog [******]
Gold:   0          SH: 33    Dex:  9    Spells: 10/10 levels left

rFire    . . .     SeeInvis .   a - +9 broad axe (venom)
rCold    . . .     Gourm    .   E - +18 shield of the Gong {rElec rN+ MR+ EV-5}
rNeg     + + .     Faith    .   b - +15 Maxwell's patent armour {-Cast -Tele rElec MR+ rCorr}
rPois    ∞         Spirit   .   (no helmet)
rElec    +         Reflect  .   (no cloak)
rCorr    +         Harm     .   (no gloves)
MR       ++++.     NoTele   +   (no boots) Stlth ..........NoCast +
                                (no amulet)
HPRegen  1.23/turn              D - +6 ring of strength
MPRegen  0.12/turn              C - +6 ring of strength

@: mesmerised, regenerating, very slow
A: negative energy resistance 1, electricity resistance, unbreathing,
petrification resistance, rot immunity, AC +8
a: Berserk, Trog's Hand, Brothers in Arms, Renounce Religion


You were in the Dungeon.
You worshipped Trog.
Trog was exalted by your worship.
You were not hungry.

You visited 1 branch

Inventory:

Hand Weapons
 a - a +9 broad axe of venom (weapon)
 I - a +2 antimagic broad axe
Armour
 b - the +15 Maxwell's patent armour (worn) {-Cast -Tele rElec MR+ rCorr}
   (You found it in the Dungeon)

   It insulates you from electricity.
   It affects your resistance to hostile enchantments.
   It prevents spellcasting.
   It prevents most forms of teleportation.
   It provides partial protection from all sources of acid and corrosion.
 E - the +18 shield of the Gong (worn) {rElec rN+ MR+ EV-5}
   (You found it in the Dungeon)

   It affects your evasion (-5).
   It insulates you from electricity.
   It protects you from negative energy.
   It affects your resistance to hostile enchantments.
Jewellery
 g - a +2 amulet of reflection
 o - an uncursed ring of fire
 x - the ring "Iraum" {-Tele rElec rPois Str+3 Dex+5}
   (You found it in the Dungeon)

   [ring of dexterity]

   It affects your strength (+3).
   It affects your dexterity (+5).
   It insulates you from electricity.
   It protects you from poison.
   It prevents most forms of teleportation.
 y - the ring of Lewaiq {+Inv rC+ Dex-4 Stlth+}
   (You found it in the Dungeon)

   [ring of stealth]

   It affects your dexterity (-4).
   It protects you from cold.
   It lets you turn invisible.
   It makes you more stealthy.
 z - a cursed ring of magical power
 A - the amulet of Ampupak {Faith rPois Int+3}
   (You found it in the Dungeon)

   [amulet of faith]

   It allows you to gain divine favour quickly.
   It affects your intelligence (+3).
   It protects you from poison.
 B - an uncursed ring of fire
 C - a +6 ring of strength (right hand)
 D - a +6 ring of strength (left hand)
 F - an uncursed ring of ice
Wands
 u - a wand of disintegration (7)
 v - a wand of iceblast (7)
 w - a wand of acid (7)
Scrolls
 i - 4 scrolls of blinking
 j - 7 scrolls of fog
 k - a scroll of holy word
 l - 5 scrolls of identify
 m - 5 scrolls of remove curse
 n - 2 scrolls of fear
Potions
 d - 10 potions of curing
 e - 14 potions of heal wounds
 f - 10 potions of haste
 h - 3 potions of berserk rage
 p - 2 potions of invisibility
 q - 4 potions of resistance
 r - a potion of experience
 s - 5 potions of agility
 t - 5 potions of might
Comestibles
 c - 6 rations


   Skills:
 * Level 15.1 Fighting
 * Level 12.9 Axes
 + Level 11.0 Armour
 + Level 8.6 Dodging
 * Level 14.7 Shields


You had 10 spell levels left.
You didn't know any spells.
Your spell library was empty.

Dungeon Overview and Level Annotations

Branches:
Dungeon (1/1)

Altars:
Ashenzari
Cheibriados
Dithmenos
Elyvilon
Fedhas
Gozag
Hepliaklqana
Kikubaaqudgha
Makhleb
Nemelex Xobeh
Okawaru
Qazlal
Ru
Sif Muna
Trog
Uskayaw
Vehumet
Wu Jian
Xom
Yredelemnul
Zin
The Shining One
Beogh
Jiyva
Lugonu

Annotations:
D 1 transporter


Innate Abilities, Weirdness & Mutations

You are resistant to torment.
Your stone body is resilient. (AC +8)
You are immune to poison.
You resist negative energy. (rN+)
You are resistant to electric shocks. (rElec)
You can survive without breathing.
You are immune to petrification.
You are immune to rotting.


Message History

You slice the merfolk aquamancer!!
You kill the merfolk aquamancer!
Trog accepts your kill.
Trog appreciates your killing of a magic user.
You hear a splash. x2
Your Fighting skill increases to level 15!
Your Armour skill increases to level 11!
You slash the water elemental!
You destroy the water elemental!
Trog accepts your kill.
You are engulfed in a cloud of scalding steam.
The pull of its song draws you forwards.
You block the merfolk's attack.
PTOANNNG!
You block the snapping turtle's attack.
SHROANNG!
The merfolk avatar chants its luring song.
The merfolk javelineer throws a javelin.
The javelin pierces through you!!
You die...

▓....©....▓...©...▓
▓▓▓▓▓▓▓▓▓▓▓▓▓▓▓▓▓▓▓▓▓
▓...8©8≈..▓...8©8...▓
▓.≈=≈|:)..▓..||:.|..▓
▓..≈[})=≈.▓...|):[..▓
▓..≈mm..≈≈▓.........▓
▓≈.≈.m...≈▓.........▓
▓.≈mmt.t..▓.........▓
▓.≈.§@m..≈▓.........▓
▓.≈§§§§...▓.▓.†)..▓.▓
▓.▓§≈§§.▓.▓....©....▓
▓.≈≈§©...≈▓▓▓▓▓▓▓▓▓▓▓
▓▓▓▓▓▓▓▓▓▓▓


You could see 2 merfolk avatars, 2 merfolk impalers, a merfolk javelineer, 2
snapping turtles and a merfolk.

Vanquished Creatures
  A mummy priest (D)
  A death scarab (D)
  A merfolk aquamancer (D)
  A fire crab (shapeshifter) (D)
  2 ugly things (D)
  A black mamba (shapeshifter) (D)
  A spiny frog (shapeshifter) (D)
  A guardian mummy (D)
  3 hornets (D)
  A polar bear (D)
  2 slime creatures (D)
  7 spriggans (D)
  A flying skull (D)
  A tarantella (shapeshifter) (D)
  A water elemental (D)
  2 ushabtiu (D)
  4 hell hounds (D)
  A floating eye (D)
  2 wolves (D)
  A crimson imp (D)
  2 jellies (D)
  An iguana (D)
  An iron imp (D)
  3 mummies (D)
  5 white imps (D)
  An ufetubus (D)
  An ooze (D)
  2 adder zombies (D)
  An adder skeleton (D)
  A bat zombie (D)
  2 ball python simulacra (D)
  A ball python zombie (D)
  A leopard gecko skeleton (D)
  A quokka skeleton (D)
58 creatures vanquished.

Vanquished Creatures (others)
  A lurking horror (D)
1 creature vanquished.

Grand Total: 59 creatures vanquished

Notes
Turn   | Place    | Note
-------+----------+-------------------------------------------
     0 | D        | Fang the Gargoyle Berserker began the quest for the Orb.
     0 | D        | Reached XP level 1. HP: 14/14 MP: 1/1
     0 | D        | Found a blossoming altar of Fedhas.
     1 | D        | Found the +6 Majin-Bo {vamp, Archmagi MP+6 Int+6}
     1 | D        | Found the +7 great mace "Firestarter" {inner flame, rF++}
     2 | D        | Found a viscous altar of Jiyva.
     2 | D        | Found a transporter.
     2 | D        | Found a hazy altar of Hepliaklqana.
     2 | D        | Found an ancient bone altar of Kikubaaqudgha.
     2 | D        | Found an opulent altar of Gozag.
     2 | D        | Found a corrupted altar of Lugonu.
    14 | D        | Found a burning altar of Makhleb.
    16 | D        | Found a stormy altar of Qazlal.
    16 | D        | Found a sacrificial altar of Ru.
    16 | D        | Found an iron altar of Okawaru.
    16 | D        | Found a shimmering blue altar of Sif Muna.
    16 | D        | Found a sparkling altar of Nemelex Xobeh.
    16 | D        | Found a bloodstained altar of Trog.
    24 | D        | Found the +9 heavy crossbow "Sniper" {velocity, Acc+∞ SInv}
    24 | D        | Found the +10 dark maul {crush}
    24 | D        | Found the +15 Maxwell's patent armour {-Cast -Tele rElec
                  | MR+ rCorr}
    24 | D        | Found the +18 shield of the Gong {rElec rN+ MR+ EV-5}
    24 | D        | Found the cursed +14 obsidian axe {chop, +Fly SInv *Curse}
    77 | D        | Entered arena 2.
    77 | D        | Noticed an iguana
    77 | D        | Noticed a wolf
    77 | D        | Found a transporter.
    82 | D        | Killed an iguana
    82 | D        | Reached skill level 4 in Fighting
    82 | D        | Reached XP level 2. HP: 16/20 MP: 2/2
    82 | D        | Reached XP level 3. HP: 19/24 MP: 3/3
    83 | D        | Killed a wolf
    83 | D        | Reached skill level 6 in Fighting
    83 | D        | Reached XP level 4. HP: 25/32 MP: 4/4
   348 | D        | Entered arena 3.
   348 | D        | Noticed a polar bear
   348 | D        | Found a transporter.
   351 | D        | Reached ** piety under Trog
   351 | D        | Reached skill level 5 in Axes
   353 | D        | Reached XP level 5. HP: 29/36 MP: 5/5
   354 | D        | Killed a polar bear
   354 | D        | Reached skill level 8 in Fighting
   354 | D        | Reached skill level 5 in Armour
   354 | D        | Reached XP level 6. HP: 35/44 MP: 6/6
   494 | D        | Entered arena 4.
   494 | D        | Found a transporter.
   498 | D        | Reached *** piety under Trog
   511 | D        | Entered arena 5.
   511 | D        | Noticed a hell hound
   511 | D        | Noticed a hell hound
   511 | D        | Noticed a hell hound
   511 | D        | Found a transporter.
   514 | D        | Reached **** piety under Trog
   515 | D        | Killed a hell hound
   515 | D        | Reached XP level 7. HP: 42/50 MP: 7/7
   519 | D        | Reached skill level 9 in Fighting
   638 | D        | Entered arena 6.
   638 | D        | Found a transporter.
   639 | D        | Identified the cursed +2 hand axe "Sauratir" {chop, rN+
                  | SInv}
   641 | D        | Reached ***** piety under Trog
   641 | D        | Received a gift from Trog
   641 | D        | Reached skill level 5 in Dodging
   650 | D        | Got the ring "Iraum" {-Tele rElec rPois Str+3 Dex+5}
   659 | D        | Entered arena 7.
   659 | D        | Noticed a tarantella
   659 | D        | Noticed a tarantella
   659 | D        | Noticed a purple ugly thing
   659 | D        | Noticed a black mamba
   659 | D        | Noticed a green ugly thing
   659 | D        | Noticed a spiny frog
   660 | D        | Found a transporter.
   664 | D        | Noticed a harpy
   664 | D        | a tarantella changed into a harpy
   665 | D        | Killed a spiny frog
   665 | D        | Reached skill level 10 in Fighting
   665 | D        | Reached XP level 8. HP: 36/57 MP: 8/8
   667 | D        | Killed a black mamba
   667 | D        | Received a gift from Trog
   667 | D        | Reached skill level 10 in Shields
   668 | D        | Noticed a shapeshifter
   668 | D        | a harpy changed into a shapeshifter
   670 | D        | Killed a tarantella
   670 | D        | Reached skill level 11 in Fighting
   670 | D        | Noticed a fire crab
   670 | D        | a shapeshifter changed into a fire crab
   672 | D        | Killed a cyan ugly thing
   672 | D        | Reached XP level 9. HP: 62/64 MP: 9/9
   675 | D        | Killed a fire crab
   675 | D        | Reached skill level 12 in Fighting
   675 | D        | Reached skill level 10 in Axes
   677 | D        | Killed a green ugly thing
   789 | D        | Entered arena 8.
   790 | D        | Found a transporter.
   792 | D        | Paralysed by a floating eye for 4 turns
   797 | D        | Received a gift from Trog
   801 | D        | Reached XP level 10. HP: 61/72 MP: 10/10
   806 | D        | Got the ring of Lewaiq {+Inv rC+ Dex-4 Stlth+}
   808 | D        | Got the amulet of Ampupak {Faith rPois Int+3}
   848 | D        | Entered arena 9.
   851 | D        | Reached ****** piety under Trog
   859 | D        | Found a transporter.
   874 | D        | Entered arena 10.
   874 | D        | Noticed a spriggan rider
   874 | D        | Noticed a spriggan rider
   874 | D        | Noticed a spriggan rider
   875 | D        | Found the +7 Kryia's mail coat {PotionHeal*2 rC+}
   875 | D        | Identified the +6 double sword of the Wasteland {speed,
                  | +Inv rElec rC- Str+7}
   875 | D        | Found a transporter.
   877 | D        | Received a gift from Trog
   882 | D        | Reached skill level 13 in Fighting
   887 | D        | Killed a spriggan rider
   891 | D        | Killed a spriggan rider
   891 | D        | Reached skill level 10 in Armour
   894 | D        | Killed a spriggan rider
   894 | D        | Reached skill level 14 in Fighting
   894 | D        | Reached XP level 11. HP: 80/80 MP: 11/11
  1009 | D        | Entered arena 11.
  1009 | D        | Noticed a death scarab
  1009 | D        | Noticed a mummy priest
  1010 | D        | Found a transporter.
  1018 | D        | Killed a death scarab
  1018 | D        | Received a gift from Trog
  1023 | D        | Killed a mummy priest
  1024 | D        | Received a gift from Trog
  1154 | D        | Entered arena 12.
  1154 | D        | Noticed a merfolk impaler
  1154 | D        | Noticed a merfolk javelineer
  1154 | D        | Noticed a merfolk aquamancer
  1155 | D        | Noticed a merfolk impaler
  1155 | D        | Noticed a merfolk avatar
  1155 | D        | Noticed a merfolk avatar
  1156 | D        | Found a transporter.
  1165 | D        | Killed a merfolk aquamancer
  1165 | D        | Reached skill level 15 in Fighting
  1165 | D        | Hit by a javelin thrown by a merfolk javelineer

Levels and vault maps discovered:
D:        sprint_v [room_start, room_1, room_2, room_3, room_4, room_5, room_6,
          room_7, room_8, room_9, room_10, room_11, room_12, room_13, room_14,
          room_15, room_16, room_17, room_18, room_19, room_20, room_21,
          room_22, room_23, room_24, room_25, room_26, room_27]

Skill      XL: |  1  2  3  4  5  6  7  8  9 10 11 |
---------------+----------------------------------+-----
Fighting       | 4 6 8 10 11 12 14 15 | 15.1
Axes           | 3 4 5 6 7 8 9 10 12 | 12.9
Armour         | 3 4 5 6 7 8 9 10 11 | 11.0
Dodging        | 2 3 4 5 6 7 8 |  8.6
Shields        | 2 4 7 9 10 12 13 14 | 14.7

Action                   |  1- 3 |  4- 6 |  7- 9 | 10-12 || total
-------------------------+-------+-------+-------+-------++-------
Melee: Broad axe         |     6 |    12 |    35 |    47 ||   100
Invok: Berserk           |       |     2 |     1 |     2 ||     5
       Trog's Hand       |       |       |       |     1 ||     1
  Use: Scroll            |       |     4 |     1 |     1 ||     6
  Eat: Ration            |       |       |     1 |     1 ||     2
       Chunk             |       |       |       |     2 ||     2
Armor: Plate armour      |     4 |     9 |    33 |    31 ||    77
Dodge: Dodged            |       |     3 |     5 |     5 ||    13
Block: Shield            |    13 |    25 |    59 |    96 ||   193
